 Dungeon Crawl Stone Soup version 0.30-a0-802-gb92711bcdf (webtiles) character file.

Game seed: 8913833550615040368

18 jimonade the Magician (level 2, -10/23 HPs)
             Began as a Djinni Warper on Feb 25, 2023.
             Killed from afar by Jessica (11 damage)
             ... with a bolt of dispelling energy
             ... on level 2 of the Dungeon.
             The game lasted 00:01:21 (707 turns).

jimonade the Magician (Djinni Warper)                Turns: 707, Time: 00:01:22

Health: -10/23     AC:  3    Str: 10    XL:     2   Next: 85%
Gold:   74         EV: 11    Int: 14    God:
                   SH:  0    Dex: 12

rFire   + + .      SeeInvis .    a - +0 mace
rCold   x . .      Faith    .    (no shield)
rNeg    . . .      Spirit   .    b - +0 leather armour
rPois   ∞          Reflect  .    (no helmet)
rElec   .          Harm     .    (no cloak)
rCorr   .          Rampage  .    (no gloves)
Will    .....                    (boots unavailable)
Stlth   +                        (no amulet)
HPRegen 0.23/turn                (no ring)
MPRegen 0.00/turn                (no ring)

@: flying
A: sickness immunity, fire resistance 2, cold vulnerability 1, float, innate
caster, HP casting, extra vitality 1
a: no special abilities


You were on level 2 of the Dungeon.
You visited 1 branch of the dungeon, and saw 2 of its levels.

You collected 74 gold pieces.

Inventory:

Hand Weapons
 a - a +0 mace (weapon)
Missiles
 d - 7 boomerangs of dispersal (quivered)
Armour
 b - a +0 leather armour (worn)
Magical Staves
 l - a staff of death
Scrolls
 c - a scroll of blinking
 g - a scroll of identify {unknown}
 i - a scroll of acquirement {unknown}
 j - a scroll of teleportation {unknown}
 k - a scroll of enchant weapon {unknown}
Potions
 e - 3 potions of heal wounds {unknown}
 f - a potion of degeneration {unknown}
 h - 2 potions of flight {unknown}


   Skills:
 + Level 2.0 Fighting
 + Level 1.7 Maces & Flails
 - Level 0.7 Throwing
 + Level 1.0 Armour
 + Level 2.3 Dodging
 * Level 2.9 Spellcasting


You knew the following spells:

 Your Spells              Type           Power      Damage    Failure   Level
a - Blink                 Tloc           20%        N/A       14%         2
b - Lesser Beckoning      Tloc           20%        N/A       14%         2
c - Vhi's Electric Charg  Tloc/Air       20%        N/A       26%         3
d - Teleport Other        Tloc           10%        N/A       26%         3
e - Manifold Assault      Tloc           10%        N/A       65%         4
Your spell library was empty.

Dungeon Overview and Level Annotations

Branches:
Dungeon (2/15)

Altars:

Annotations:
D:2 Jessica


Innate Abilities, Weirdness & Mutations

You are immune to sickness and miasma.
You are immune to poison.
Your flesh is very heat resistant. (rF++)
You are vulnerable to cold. (rC-)
You float through the air rather than walking.
You learn spells naturally, not from books.
Your magical power is your life essence.
You have superior vitality. (+4 MHP)


Message History

Done exploring.
Search for what [? for help]? .
You see here a ball python corpse.
You see here a frilled lizard corpse.
There is a stone staircase leading down here.
You fly downwards.
There is a stone staircase leading up here.
Found a leather armour.
Found a sling.
Unknown command.
Unknown command.
Unknown command.
You reach down and open the door.
You see here a staff of death.
l - a staff of death You reach down and open the door.
Found 6 poisoned darts.
A goblin comes into view. It is wielding a +0 club.
The goblin shouts!
The goblin unwields a +0 club.
The goblin wields a +0 sling.
The goblin shoots a sling bullet.
The sling bullet barely misses you.
There is an open door here.
Jessica the Apprentice Sorceress comes into view.
She is wielding a +0 club and carrying a wand of quicksilver (8).
Jessica shouts!
The goblin shoots a sling bullet.
The sling bullet barely misses you.
The goblin shoots a sling bullet.
The sling bullet hits you.
The goblin shoots a sling bullet.
The sling bullet hits you.
There is an open door here.
The goblin shoots a sling bullet.
The sling bullet barely misses you.
The goblin shoots a sling bullet.
The sling bullet barely misses you.
Jessica zaps a wand.
The bolt of dispelling energy hits you.
Jessica points at you and mumbles some strange words.
Pain shoots through your body!
* * * LOW HITPOINT WARNING * * *
The goblin shoots a sling bullet.
The sling bullet hits you.
* * * LOW HITPOINT WARNING * * *
The goblin unwields a +0 sling.
The goblin wields a +0 club.
The goblin closely misses you.
Jessica zaps a wand.
The bolt of dispelling energy hits you!
You die...

........^.. #..#.#
..........# #..#.#
.......(..# #..#.#
..........# #..#.#
#.......###..#.####
#...g...##........#
#...@...##........#
#....#'###........########
####....##@...............
#.....g...#.##.########
#.....@...#.##.########.
#####.....#.............
+.....#).....######.
#.....#......# #.
#.....#......# #.
#######......# #. #......#
#.


You could see Jessica and a goblin.

Vanquished Creatures
  A dart slug (D:1)
  2 ball pythons (D:1)
  An endoplasm (D:1)
  2 hobgoblins (D:1)
  A kobold (D:1)
  2 bats (D:1)
  2 frilled lizards (D:1)
  2 goblins (D:1)
  2 rats (D:1)
15 creatures vanquished.

Notes
Turn   | Place    | Note
-------+----------+-------------------------------------------
     0 | D:1      | jimonade the Djinni Warper began the quest for the Orb.
     0 | D:1      | jimonade set off with the following spells memorised:
                  | Blink, Lesser Beckoning, Vhi's Electric Charge, Teleport
                  | Other, Manifold Assault.
     0 | D:1      | Reached XP level 1. HP: 18/18 MP: 0/0
   183 | D:1      | Reached XP level 2. HP: 23/23 MP: 0/0
   692 | D:2      | Noticed Jessica
   706 | D:2      | HP: 1/23 [goblin/sling bullet (5)]
   707 | D:2      | Killed from afar by Jessica

Illustrated notes

Levels and vault maps discovered:
D:1:      amcnicky_arrival_choice, layout_basic
D:2:      layout_basic, uniq_terence, uniq_jessica

Action                     || total
---------------------------++-------
  Melee: Mace              ||    41
         Punch             ||     1
 Armour: Leather armour    ||    19
  Dodge: Dodged            ||    33

Table legend: (Time is in decaauts)
 A = Elapsed time spent in this place.
 B = Non-inter-level travel time spent in this place.
 C = Inter-level travel time spent in this place.
 D = Time resting spent in this place.
 E = Time spent auto-exploring this place.
 F = Levels seen in this place.
 G = Mean time per level.
                   A        B        C        D        E       F      G
               +--------+--------+--------+--------+--------+-----+--------+
         Total |    719 |    707 |     12 |      0 |    557 |   2 |  359.5 |
       Dungeon |    719 |    707 |     12 |      0 |    557 |   2 |  359.5 |
               +--------+--------+--------+--------+--------+-----+--------+

Top non-repeatable levels by time:
     D:1: 624 daAuts
     D:2: 95 daAuts
